 Dungeon Crawl Stone Soup version 0.31.0-11-ge490571c62 (webtiles) character file.

Game seed: 9969168967118589314

252 thirtiethelement the Cudgeller (level 5, -3/42 HPs)
             Began as a Demonspawn Berserker on Jan 29, 2024.
             Was a Priest of Trog.
             Slain by a gnoll
             ... wielding a +0 spear
              (6 damage)
             ... on level 4 of the Dungeon.
             The game lasted 00:04:02 (2416 turns).

thirtiethelement the Cudgeller (DsBe)               Turns: 2416, Time: 00:04:03

Health: -3/42      AC: 12    Str: 19    XL:     5   Next: 89%
Magic:  5/5        EV:  7    Int:  8    God:    Trog [***...]
Gold:   103        SH:  7    Dex: 12    Spells: 4/4 levels left

rFire   . . .        a - +0 mace
rCold   . . .        u - +0 kite shield
rNeg    . . .        k - +0 chain mail
rPois   .            p - +2 helmet {SInv}
rElec   .            (no cloak)
rCorr   .            (no gloves)
SInv    +            (no boots)
Will    +....        (no amulet) Stlth
                     t - ring of willpower
HPRegen 0.27/turn    (no ring)
MPRegen 0.09/turn

%: no passive effects
@: on berserk cooldown
A: hooves 1, demonic magic 1
a: Renounce Religion, Berserk, Trog's Hand


You were on level 4 of the Dungeon.
You worshipped Trog.
Trog was most pleased with you.
You visited 1 branch of the dungeon, and saw 4 of its levels.

You collected 103 gold pieces.

Inventory:

Hand Weapons
 a - a +0 mace (weapon)
Missiles
 i - 2 poisoned darts (quivered)
Armour
 k - a +0 chain mail (worn)
 p - a +2 helmet of see invisible (worn)
 u - a +0 kite shield (worn)
Jewellery
 o - a ring of ice
 t - a ring of willpower (left hand)
Scrolls
 c - 2 scrolls of enchant weapon {unknown}
 f - a scroll of amnesia {unknown}
 g - a scroll of enchant armour {unknown}
 j - a scroll of poison {unknown}
 l - a scroll of vulnerability {unknown}
 m - 2 scrolls of teleportation {unknown}
 q - a scroll of revelation {unknown}
 r - a scroll of identify {unknown}
 s - a scroll of immolation {unknown}
Potions
 b - 2 potions of haste {unknown}
 d - 2 potions of lignification {unknown}
 h - a potion of curing {unknown}
 n - a potion of mutation {unknown}


   Skills:
 + Level 4.1 Fighting
 + Level 4.3 Maces & Flails
 + Level 2.7 Armour
 + Level 2.4 Dodging
 + Level 0.2 Stealth
 + Level 1.1 Shields


You had 4 spell levels left.
You didn't know any spells.
Your spell library contained the following spells:

 Spells                   Type           Power      Damage    Failure   Level
 Kiss of Death            Conj/Necr      0%         2d5       100%        1
 Magic Dart               Conj           0%         1d3       100%        1
 Blink                    Tloc           0%         N/A       100%        2
 Call Imp                 Summ           0%         N/A       100%        2
 Ensorcelled Hibernation  Hex/Ice        0%         N/A       100%        2
 Confusing Touch          Hex            0%         N/A       100%        3
 Inner Flame              Hex/Fire       0%         N/A       100%        3
 Passwall                 Erth           0%         N/A       100%        3
 Swiftness                Air            0%         N/A       100%        3
 Dispel Undead            Necr           0%         3d6       100%        4
 Flame Wave               Conj/Fire      0%         2d4       100%        4
 Sticky Flame             Fire/Alch      0%         2d4       100%        4


Dungeon Overview and Level Annotations

Branches:
Dungeon (4/15)
 Temple: D:4-7

Altars:
Hepliaklqana


Innate Abilities, Weirdness & Mutations

You have large cloven feet.
Spells you cast may paralyse adjacent enemies.


Message History

You hit the dart slug.
You kick the dart slug, but do no damage.
The dart slug is heavily wounded.
The gnoll barely misses you. x2; The dart slug barely misses you.
You hit the dart slug.
The dart slug is heavily wounded.
The gnoll hits you but does no damage. The dart slug barely misses you.
The gnoll closely misses you.
You hit the dart slug. You kick the dart slug.
The dart slug is almost dead.
The gnoll hits you but does no damage.
The dart slug bites you but does no damage.
The gnoll barely misses you.
The dart slug briefly extends its eye-stalks.
You block the dart slug's attack.
You hit the dart slug but do no damage. You kick the dart slug.
You kill the dart slug!
Trog accepts your kill.
The gnoll hits you from afar with a +0 spear.
You block the gnoll's attack. x2
You barely miss the gnoll. You kick the gnoll, but do no damage.
The gnoll hits you but does no damage. The gnoll barely misses you.
You block the gnoll's attack. The gnoll hits you with a +0 flail.
* * * LOW HITPOINT WARNING * * *
You hit the gnoll. You kick the gnoll.
The gnoll is severely wounded.
You feel yourself speed up. You block the gnoll's attack.
The gnoll hits you with a +0 flail.
* * * LOW HITPOINT WARNING * * *
You block the gnoll's attack. The gnoll hits you with a +0 flail.
* * * LOW HITPOINT WARNING * * *
You completely miss the gnoll. Your kick misses the gnoll.
The gnoll is severely wounded.
The gnoll hits you from afar with a +0 spear.
* * * LOW HITPOINT WARNING * * *
You block the gnoll's attack.
You hit the gnoll but do no damage.
The gnoll is severely wounded.
The gnoll hits you from afar with a +0 spear.
You die...

....###.# #........###.#
...=...####........##..#
####...... .(........#...#
.#........#####.............
........................#~##
##....).#.#####.......≈##≈≈#
......).o.............#≈≈#≈≈
##...?..#g#########..~#≈≈≈≈#
#......#gg@..###..[.~≈#≈≈≈≈
#......#####..##.#..#≈≈≈≈≈≈
#......# ##.##.#..##≈≈#≈#
######## ###.##.#...#≈≈≈≈≈
#.......†..#~#≈≈≈
#.......#....####
#.......#........
#.......##.#.....
#..........#.....


You could see 3 gnolls and an orc.

Vanquished Creatures
  An ogre (D:4)
  A hound (D:4)
  2 orc wizards (D:4)
  An adder (D:4)
  A ribbon worm (D:3)
  4 dart slugs
  2 orcs
  6 ball pythons
  7 endoplasms
  6 giant cockroaches
  4 goblins
  11 hobgoblins
  2 jackals (D:4)
  5 kobolds
  2 quokkas (D:2)
  3 bats
  A frilled lizard (D:1)
  5 rats
64 creatures vanquished.

Notes
Turn   | Place    | Note
-------+----------+-------------------------------------------
     0 | D:1      | thirtiethelement the Demonspawn Berserker began the quest
                  | for the Orb.
     0 | D:1      | Reached XP level 1. HP: 18/18 MP: 1/1
   136 | D:1      | Gained mutation: You have large cloven feet. [demonic
                  | ancestry]
   136 | D:1      | Reached XP level 2. HP: 19/24 MP: 2/2
   782 | D:1      | Reached ** piety under Trog
   972 | D:2      | Reached XP level 3. HP: 29/29 MP: 3/3
  1254 | D:2      | Found a hazy altar of Hepliaklqana.
  1578 | D:2      | Found a faded altar of an unknown god.
  1578 | D:2      | Noticed an Executioner
  2050 | D:3      | Gained mutation: Spells you cast may paralyse adjacent
                  | enemies. [demonic ancestry]
  2050 | D:3      | Reached XP level 4. HP: 37/37 MP: 4/4
  2377 | D:4      | Noticed an ogre
  2384 | D:4      | Killed an ogre
  2385 | D:4      | Reached XP level 5. HP: 41/42 MP: 5/5
  2393 | D:4      | Reached skill level 1 in Shields
  2406 | D:4      | Reached *** piety under Trog
  2415 | D:4      | HP: 2/42 [gnoll/+0 spear (5)]
  2416 | D:4      | Slain by a gnoll

Illustrated notes

Levels and vault maps discovered:
D:1:      minmay_arrival_doors, layout_basic, dk_noncrumbling_3,
          hangedman_decor_diamond_cutter
D:2:      layout_loops_ring, dreamdust_ecumenical_altar_sealed_demon,
          basic_altar, grunt_ministairs_8, fountainhead
D:3:      layout_basic
D:4:      layout_basic, minivault_4

Skill      XL: |  1  2  3  4  5 |
---------------+----------------+-----
Maces & Flails | 3 4 |  4.3
Dodging        | 2 |  2.4
Armour         | 2 |  2.7
Fighting       | 4 |  4.1
Shields        | 1 |  1.1
Stealth        | |  0.2

Action                     |  1- 3 |  4- 6 || total
---------------------------+-------+-------++-------
  Melee: Mace              |   155 |    53 ||   208
         Punch             |     1 |       ||     1
         Kick              |    29 |    14 ||    43
 Invoke: Berserk           |       |     1 ||     1
 Armour: Animal skin       |    26 |       ||    26
         Chain mail        |    67 |    58 ||   125
         Leather armour    |     1 |       ||     1
  Dodge: Dodged            |    59 |    29 ||    88
  Block: Buckler           |    21 |     4 ||    25
         Kite shield       |       |    30 ||    30
